Map: Ascension to Aiur LE

Players

A.I. 1 (Elite) - Winner!

  • Race: Terran Terran
  • Spawn Location: 11:00

A.I. 2 (Elite)

  • Race: Zerg Zerg
  • Spawn Location: 5:00

VOD

Have the link to the VOD?

Description

Time

  • Played on: Aug. 20, 2017, 12:31 a.m.
  • Length: 16:35
Show
View Real Time Build Order
Export as new Build Order

A.I. 1 (Elite) Terran - Winner!

Build Orders: MMM Bio 

Get SALT Encoding   

  12  0:01  SCV  
  13  0:13  SCV  
  14  0:19  Supply Depot  
  14  0:25  SCV  
  15  0:40  SCV  
  15  0:42  Barracks  
  16  0:45  Refinery  
  16  0:52  SCV  
  17  1:03  Barracks  
  17  1:04  SCV  
  18  1:16  SCV  
  19  1:29  Marine  
  19  1:31  Orbital Command  
  20  1:40  Barracks  
  20  1:47  Marine  
  20  1:50  Marine  
  22  1:56  Supply Depot  
  22  1:58  SCV  
  23  2:06  Barracks Tech Lab  
  23  2:08  Barracks Tech Lab  
  23  2:18  SCV  
  24  2:23  Marine  
  24  2:25  Stimpack  
  24  2:26  Marine, Concussive Shells  
  24  2:27  Marine  
  27  2:34  Supply Depot  
  27  2:41  Marine  
  27  2:44  Marine, SCV  
  28  2:45  Marine  
  31  3:00  Marauder  
  31  3:02  Marine, Marauder  
  36  3:07  Supply Depot  
  36  3:19  Combat Shields  
  36  3:20  Marine x2  
  36  3:21  SCV  
  39  3:28  Supply Depot  
  39  3:29  Marine  
  40  3:38  Marine  
  40  3:39  Marauder  
  43  3:47  Marauder, Refinery  
  44  4:02  SCV  
  39  4:14  SCV  
  40  4:25  Marine  
  40  4:26  SCV  
  40  4:27  Marine x2  
  37  4:38  SCV  
  37  4:43  Marine  
  37  4:45  Marine  
  40  4:46  Marine  
  40  4:50  SCV  
  42  4:59  Factory  
  42  5:01  Marine, Engineering Bay  
  42  5:03  SCV, Marauder  
  46  5:19  Command Center  
  44  5:25  Marine  
  44  5:28  Marine, Terran Infantry Weapons Level 1  
  40  5:31  Marine  
  40  5:44  Marauder  
  40  5:46  Marine  
  40  5:48  Marine  
  42  5:52  Hellion  
  44  6:05  Marauder  
  44  6:08  Supply Depot  
  45  6:13  Hellion, Marauder  
  49  6:26  Marauder  
  51  6:33  SCV  
  51  6:34  Marauder  
  51  6:35  Hellion  
  51  6:36  SCV  
  57  6:45  SCV  
  58  6:47  Marauder  
  58  6:48  SCV  
  61  6:56  Hellion, Marauder  
  61  6:58  SCV  
  61  7:01  SCV  
  66  7:10  SCV  
  66  7:13  SCV  
  68  7:21  Marine  
  68  7:22  Terran Infantry Armor Level 1, SCV  
  70  7:23  Barracks Reactor, Engineering Bay  
  70  7:24  Supply Depot  
  70  7:25  SCV  
  70  7:29  Marine  
  72  7:34  SCV  
  73  7:50  SCV, Command Center  
  74  7:52  SCV  
  74  7:58  Marauder  
  77  8:02  SCV  
  77  8:04  SCV  
  77  8:05  Supply Depot  
  79  8:11  Marauder  
  81  8:14  SCV  
  81  8:16  SCV  
  83  8:22  Factory Tech Lab  
  83  8:27  SCV  
  84  8:28  Supply Depot  
  84  8:31  Orbital Command  
  84  8:37  Missile Turret  
  84  8:40  Missile Turret  
  84  8:43  Siege Tank  
  87  8:53  Barracks  
  87  8:57  Starport  
  87  9:02  SCV  
  88  9:04  SCV  
  88  9:06  SCV  
  90  9:14  SCV  
  90  9:15  Siege Tank  
  90  9:16  SCV  
  95  9:18  SCV  
  95  9:19  Armory  
  96  9:26  SCV  
  96  9:28  SCV  
  96  9:30  SCV  
  99  9:34  Starport Reactor  
  99  9:37  Armory  
  99  9:38  SCV  
  99  9:40  SCV  
  99  9:42  SCV  
  102  9:47  Siege Tank, Supply Depot  
  102  9:50  SCV  
  102  9:52  SCV  
  107  9:54  SCV  
  108  10:02  Refinery x2  
  108  10:03  SCV  
  108  10:06  Orbital Command  
  109  10:07  Terran Vehicle And Ship Armor Level 1  
  109  10:10  Missile Turret, Medivac  
  109  10:11  Terran Infantry Weapons Level 2  
  109  10:12  Supply Depot  
  111  10:14  Missile Turret  
  111  10:16  Marine  
  111  10:19  Siege Tank  
  115  10:25  SCV, Terran Vehicle Weapons Level 1  
  115  10:26  Refinery  
  114  10:32  SCV  
  110  10:37  SCV, Refinery  
  101  10:44  SCV  
  101  10:46  Unknown  
  101  10:47  SCV, Marauder  
  101  10:49  SCV  
  103  10:52  Siege Tank  
  103  10:54  Missile Turret  
  103  10:55  Missile Turret  
  103  10:56  SCV  
  104  11:07  Command Center  
  104  11:08  SCV  
  104  11:10  SCV  
  103  11:12  SCV  
  103  11:15  Marauder  
  106  11:20  SCV  
  106  11:22  Medivac  
  106  11:24  Siege Tank, SCV x2  
  114  11:27  Marine  
  114  11:28  Marine  
  115  11:32  SCV  
  115  11:36  SCV  
  115  11:37  Marauder  
  119  11:40  SCV  
  119  11:42  Supply Depot  
  119  11:45  SCV, Marauder  
  123  11:51  Missile Turret  
  123  11:55  Medivac, Widow Mine  
  127  12:04  Factory  
  127  12:06  Starport  
  127  12:10  Hi-Sec Auto Tracking  
  127  12:11  Supply Depot  
  127  12:13  Unknown  
  127  12:16  Missile Turret  
  127  12:19  SCV  
  127  12:20  SCV  
  127  12:21  SCV  
  127  12:22  SCV  
  130  12:24  Widow Mine  
  130  12:27  Building Armor  
  132  12:31  SCV  
  132  12:33  SCV  
  132  12:35  Planetary Fortress  
  134  12:40  Missile Turret  
  134  12:44  Missile Turret, Starport Tech Lab  
  134  12:46  SCV  
  134  12:47  Widow Mine  
  136  12:53  Siege Tank, Medivac  
  136  12:54  Barracks Tech Lab  
  136  12:57  Supply Depot  
  141  13:02  Command Center  
  141  13:04  Raven  
  143  13:07  Unknown, Terran Infantry Weapons Level 3, Marauder  
  143  13:08  Marauder  
  143  13:11  Marine x2  
  138  13:12  Marauder  
  138  13:17  Factory Tech Lab  
  138  13:19  Missile Turret  
  135  13:25  Siege Tank  
  135  13:27  High Capacity Fuel Tanks  
  132  13:28  Marine  
  132  13:29  Marine x2  
  132  13:30  Barracks  
  132  13:31  Marine  
  138  13:34  Marauder  
  138  13:35  Liberator, Hellion  
  138  13:36  Refinery  
  140  13:45  Refinery  
  140  13:46  Marine  
  140  13:47  Raven, Supply Depot  
  140  13:48  Marine  
  143  13:49  Marine x2  
  143  13:53  Liberator  
  143  13:55  Marine  
  147  13:56  Cyclone, Widow Mine  
  152  14:04  Marauder  
  152  14:06  Marine, Terran Vehicle Weapons Level 2  
  152  14:07  Unknown  
  152  14:09  Marine  
  156  14:10  Marine  
  156  14:11  Missile Turret  
  156  14:12  Marine  
  156  14:13  Missile Turret  
  156  14:15  Supply Depot  
  155  14:17  Marine  
  155  14:22  Planetary Fortress, Refinery  
  155  14:23  Refinery  
  156  14:24  Marauder  
  156  14:25  Widow Mine  
  156  14:26  Marauder  
  156  14:28  Siege Tank, Missile Turret  
  156  14:30  Medivac  
  167  14:31  Missile Turret  
  167  14:33  Marine  
  167  14:34  Marine  
  167  14:35  Marine x2  
  167  14:41  Command Center  
  167  14:45  Marine  
  167  14:46  Marine  
  167  14:50  Viking  
  171  14:53  Marine, Marauder  
  171  14:54  Siege Tank  
  171  14:57  Marine  
  178  15:00  Viking, Widow Mine  
  178  15:03  Marauder  
  178  15:04  Viking  
  186  15:09  Unknown  
  186  15:11  Ghost Academy  
  186  15:13  Marine  
  187  15:14  Marine  
  187  15:15  Marine  
  187  15:16  Marine  
  187  15:20  Viking  
  192  15:21  Marine  
  192  15:24  Marine  
  192  15:26  Cyclone  
  197  15:29  Siege Tank  
  200  15:43  Missile Turret  
  200  15:47  Medivac  
  200  15:49  Ghost  
  198  15:54  Planetary Fortress  
  200  16:02  Missile Turret  
  199  16:06  Missile Turret, Command Center  
  199  16:11  Missile Turret  
Show
View Real Time Build Order
Export as new Build Order

A.I. 2 (Elite) Zerg 

Build Orders: Pool First, Zergling Baneling 

Get SALT Encoding   

  12  0:00  Drone  
  13  0:08  Drone  
  14  0:17  Overlord  
  14  0:34  Spawning Pool  
  13  0:36  Drone  
  13  0:40  Extractor  
  13  0:43  Drone  
  13  0:47  Drone  
  15  1:22  Queen  
  15  1:23  Zergling x6  
  20  1:42  Hatchery  
  19  1:48  Drone  
  19  1:53  Zergling x2  
  21  1:59  Zergling x2  
  22  2:11  Overlord  
  22  2:23  Baneling Nest  
  22  2:24  Drone  
  23  2:30  Zergling x2  
  23  2:35  Zergling x2  
  24  2:40  Zergling x2  
  25  2:45  Zergling x2  
  26  3:06  Baneling  
  26  3:07  Zergling x2  
  27  3:20  Overlord  
  27  3:25  Zergling x2  
  28  3:30  Zergling x2  
  29  3:34  Zergling x2  
  29  3:39  Zergling x2  
  31  3:42  Baneling  
  31  3:44  Zergling x2  
  31  3:47  Baneling  
  32  3:49  Zergling x2  
  32  3:52  Baneling x2  
  32  3:54  Zergling x2  
  32  3:57  Baneling, Zergling x2  
  32  4:01  Baneling  
  32  4:02  Baneling, Zergling x2  
  32  4:07  Zergling x2  
  31  4:11  Drone  
  31  4:15  Zergling x2  
  25  4:19  Drone  
  24  4:24  Zergling x2  
  24  4:29  Zergling x2  
  24  4:32  Zergling x2  
  24  4:37  Zergling x2  
  26  4:39  Baneling  
  26  4:43  Drone  
  27  4:57  Roach Warren  
  26  5:07  Drone  
  26  5:10  Drone  
  29  5:14  Drone  
  29  5:19  Drone  
  30  5:26  Lair  
  30  5:39  Roach  
  31  5:58  Extractor, Roach, Drone  
  31  6:01  Extractor  
  32  6:05  Drone  
  32  6:10  Roach, Drone  
  36  6:16  Overlord  
  36  6:21  Drone  
  36  6:22  Drone  
  38  6:26  Hydralisk Den  
  38  6:27  Drone  
  38  6:29  Drone  
  39  6:33  Drone  
  39  6:39  Roach  
  42  6:44  Roach  
  44  6:50  Overlord  
  44  6:52  Roach  
  46  6:54  Hydralisk  
  46  7:01  Hydralisk  
  47  7:05  Drone  
  47  7:07  Drone  
  51  7:11  Drone  
  51  7:14  Drone  
  53  7:17  Drone  
  54  7:23  Overlord  
  54  7:27  Drone  
  55  7:30  Drone  
  55  7:33  Drone  
  55  7:35  Drone  
  58  7:38  Drone  
  58  7:41  Drone  
  60  7:46  Drone  
  60  7:50  Overlord  
  61  7:53  Drone  
  61  7:55  Overseer  
  61  7:56  Drone  
  61  7:57  Drone  
  64  7:59  Drone  
  64  8:01  Drone  
  66  8:09  Drone  
  66  8:12  Drone  
  68  8:18  Overlord, Drone  
  68  8:19  Infestation Pit  
  68  8:21  Drone  
  68  8:22  Drone  
  68  8:24  Drone  
  71  8:31  Drone  
  72  8:35  Drone  
  73  8:41  Overlord  
  73  8:45  Baneling x2, Drone  
  73  8:46  Baneling x3  
  73  8:47  Baneling x2  
  73  8:48  Baneling  
  74  8:49  Roach, Zergling x4  
  74  8:52  Roach  
  80  8:56  Hatchery  
  80  8:57  Infestor  
  81  9:03  Drone  
  81  9:07  Overlord  
  82  9:14  Roach  
  84  9:18  Roach  
  84  9:20  Centrifical Hooks  
  84  9:21  Infestor, Zergling x2  
  84  9:22  Zergling x2  
  84  9:23  Evolution Chamber  
  89  9:24  Drone  
  89  9:29  Metabolic Boost  
  89  9:30  Overlord  
  90  9:43  Evolution Chamber  
  89  9:46  Evolution Chamber  
  89  9:50  Ravager, Zerg Missile Weapons Level 1, Roach  
  89  9:52  Extractor, Drone  
  91  10:03  Hydralisk  
  93  10:08  Zerg Ground Armor Level 1  
  93  10:09  Drone x3  
  93  10:10  Drone x3  
  93  10:12  Zerg Melee Weapons Level 1  
  99  10:15  Drone  
  99  10:18  Overlord  
  99  10:20  Drone  
  101  10:21  Extractor  
  101  10:22  Ravager  
  101  10:24  Drone  
  101  10:25  Zergling x2, Drone  
  101  10:26  Drone  
  101  10:28  Hatchery  
  100  10:29  Hydralisk  
  100  10:32  Roach  
  103  10:37  Drone  
  103  10:40  Drone  
  103  10:41  Baneling x2, Drone  
  86  10:43  Baneling  
  86  10:48  Zergling x2  
  77  10:51  Roach  
  77  10:52  Roach  
  77  10:56  Drone x3  
  79  10:59  Drone  
  79  11:02  Drone  
  79  11:03  Drone  
  79  11:10  Drone  
  80  11:12  Drone  
  80  11:13  Hydralisk  
  80  11:18  Baneling x2  
  83  11:20  Baneling, Zergling x2  
  83  11:23  Ravager, Roach  
  83  11:24  Hydralisk  
  89  11:28  Roach, Infestor, Drone  
  89  11:30  Pneumatized Carapace  
  89  11:31  Baneling x2  
  89  11:32  Zergling x2  
  95  11:34  Zergling x2  
  95  11:35  Roach  
  95  11:39  Roach  
  100  11:41  Extractor  
  100  11:43  Baneling, Drone  
  100  11:44  Drone  
  100  11:46  Drone  
  102  11:47  Extractor  
  102  11:50  Burrow, Drone  
  102  11:53  Hydralisk  
  104  11:55  Hydralisk  
  104  11:56  Drone  
  104  12:00  Zergling x4, Drone  
  104  12:01  Drone  
  111  12:02  Extractor  
  111  12:06  Overlord, Drone  
  111  12:07  Spire, Drone  
  111  12:11  Drone  
  111  12:15  Hive  
  112  12:16  Drone  
  112  12:17  Drone  
  112  12:18  Drone  
  112  12:22  Drone  
  115  12:27  Overlord, Zergling x2  
  115  12:29  Zergling x2  
  117  12:30  Baneling  
  117  12:32  Zergling x6  
  117  12:33  Zergling x2  
  121  12:37  Zerg Melee Weapons Level 2  
  121  12:42  Baneling, Overseer, Zergling x2  
  121  12:43  Baneling  
  122  12:44  Baneling, Zergling x2  
  122  12:47  Overlord  
  122  12:50  Zerg Missile Weapons Level 2  
  122  12:55  Spine Crawler  
  122  12:56  Drone  
  122  12:57  Spine Crawler  
  121  12:59  Drone  
  121  13:01  Spine Crawler  
  121  13:02  Roach, Drone  
  121  13:04  Spine Crawler  
  121  13:05  Zergling x2  
  121  13:06  Zergling x6, Drone  
  121  13:07  Zergling x4  
  121  13:08  Zergling x4  
  121  13:09  Baneling x2  
  121  13:10  Baneling x2, Zergling x2  
  121  13:11  Baneling, Zergling x2  
  105  13:13  Hydralisk  
  105  13:18  Roach, Queen  
  105  13:20  Corruptor  
  105  13:22  Roach  
  105  13:24  Roach  
  105  13:26  Baneling  
  103  13:27  Greater Spire  
  103  13:29  Roach  
  103  13:32  Roach  
  103  13:33  Roach  
  103  13:34  Drone  
  103  13:35  Zergling x2, Drone x3  
  103  13:36  Roach, Drone  
  103  13:37  Drone  
  103  13:40  Infestor  
  100  13:44  Drone  
  100  13:46  Drone  
  96  13:48  Ravager  
  96  13:50  Drone x2  
  96  13:51  Drone  
  96  13:54  Roach  
  93  13:56  Hydralisk  
  93  14:01  Drone  
  94  14:05  Drone  
  94  14:07  Roach, Zergling x2, Drone  
  94  14:09  Zergling x2  
  98  14:12  Drone  
  98  14:16  Drone  
  90  14:17  Roach  
  90  14:18  Baneling  
  90  14:19  Drone  
  90  14:23  Drone  
  92  14:24  Mutalisk  
  92  14:25  Baneling, Zergling x4  
  92  14:27  Zergling x2  
  92  14:28  Baneling  
  92  14:30  Zergling x2  
  98  14:33  Zergling x2  
  98  14:35  Drone x2  
  98  14:36  Ravager, Drone  
  76  14:38  Drone  
  76  14:39  Roach x2  
  76  14:40  Roach  
  76  14:42  Roach  
  76  14:44  Roach  
  74  14:49  Roach  
  64  14:55  Infestor  
  66  15:04  Drone x2  
  66  15:05  Zergling x2  
  57  15:08  Zergling x2  
  55  15:18  Hatchery  
  55  15:19  Roach  
  46  15:24  Roach  
  46  15:26  Hydralisk  
  50  15:33  Drone  
  50  15:34  Drone  
  50  15:37  Drone  
  41  15:44  Drone  
  41  15:45  Drone  
  19  15:50  Drone  
  11  16:06  Drone x2  
Tags
 
Add a new tag
Caveats
  • Supply blocks, unpowered buildings, or Contaminate may cause inaccurate times.
  • Supply counts are checked every 10 seconds.